 Dungeon Crawl Stone Soup version 0.27-a0-1154-gfdeffcb720 (webtiles) character file.

Game seed: 18437343298614880230

2482 robertstho the Slasher (level 9, 0/118 HPs)
             Began as a White Draconian Berserker on May 14, 2021.
             Was a Priest of Trog.
             Slain by a fire dragon (4 damage)
             ... on level 8 of the Dungeon.
             The game lasted 00:08:06 (8057 turns).

robertstho the Slasher (White Draconian Berserker)  Turns: 8057, Time: 00:08:06

Health: 0/118      AC:  8    Str: 22    XL:     9   Next: 27%
Magic:  9/9        EV: 14    Int:  7    God:    Trog [***...]
Gold:   191        SH:  0    Dex: 12    Spells: 8/8 levels left

rFire    . . .     SeeInvis .   p - +1 triple sword (vorpal)
rCold    + . .     Faith    .   (shield currently unavailable)
rNeg     . . .     Spirit   .   (armour unavailable)
rPois    .         Reflect  .   (helmet restricted)
rElec    .         Harm     .   (no cloak)
rCorr    .         Rampage  .   (no gloves)
Will     .....                  t - +0 pair of boots
Stlth    ..........             d - amulet of the acrobat
HPRegen  0.29/turn              (no ring)
MPRegen  0.11/turn              (no ring)

@: berserking, very quick
A: breathe frost, AC +7, unfitting armour, cold resistance 1, cold-blooded
a: Breathe Frost, Renounce Religion, Berserk, Trog's Hand


You were on level 8 of the Dungeon.
You worshipped Trog.
Trog was most pleased with you.
You visited 1 branch of the dungeon, and saw 8 of its levels.

You collected 330 gold pieces.
You spent 139 gold pieces at shops.

Inventory:

Hand Weapons
 c - a +0 whip of electrocution
 p - a +1 vorpal triple sword (weapon)
 r - a +0 vorpal long sword
 u - a +8 flail of protection
Armour
 t - a +0 pair of boots (worn)
Jewellery
 d - an amulet of the acrobat (around neck)
Wands
 l - a wand of paralysis (6)
 s - a wand of digging (4)
 v - a wand of acid (12)
Scrolls
 b - 2 scrolls of vulnerability {unknown}
 e - a scroll of immolation
 j - a scroll of magic mapping {unknown}
 k - a scroll of enchant weapon {unknown}
 m - 3 scrolls of fear {unknown}
 o - 3 scrolls of enchant armour {unknown}
 q - 4 scrolls of amnesia {unknown}
Potions
 a - a potion of magic {unknown}
 f - a potion of might
 g - 2 potions of attraction {unknown}
 h - a potion of heal wounds {unknown}
 i - 2 potions of haste {unknown}
 n - 5 potions of curing
 x - a potion of berserk rage {unknown}


   Skills:
 * Level 7.5 Fighting
 + Level 7.6 Long Blades
 * Level 6.7 Dodging
 * Level 4.8 Stealth


You had 8 spell levels left.
You didn't know any spells.
Your spell library was empty.

Dungeon Overview and Level Annotations

Branches:
Dungeon (8/15)             Temple (0/1) D:7            Lair (0/6) D:8

Altars:
Nemelex Xobeh
Qazlal

Shops:
D:6 [


Innate Abilities, Weirdness & Mutations

You can breathe waves of freezing cold which knock back foes.
Your icy white scales are hard. (AC +7)
You cannot fit into any form of body armour.
Your flesh is cold resistant. (rC+)
You are cold-blooded and may be slowed by cold attacks.


Message History

Key pressed, stopping travel.
n - 5 potions of curing (gained 1)
Found a staircase to the Lair.
A fire dragon comes into view.
A fire dragon is nearby!
A fire dragon is nearby!
A fire dragon is nearby!
A fire dragon is nearby!
A fire dragon is nearby!
The helpless fire dragon fails to defend itself.
You slash the fire dragon!
You tail-slap the fire dragon, but do no damage.
The fire dragon is lightly wounded.
The fire dragon breathes flames at you. The blast of flame hits you!!
You slice the fire dragon!!
The fire dragon is moderately wounded.
The fire dragon bites you! The fire dragon misses you.
The fire dragon barely misses you. The fire dragon bites you!
The fire dragon claws you but does no damage.
The fire dragon tramples you but does no damage.
You are too injured to fight recklessly!
You are too injured to fight recklessly!
A red film seems to cover your vision as you go berserk!
You feel yourself moving faster!
You feel mighty! The fire dragon bites you. The fire dragon closely misses you.
The fire dragon tramples you but does no damage.
You hit the fire dragon. You tail-slap the fire dragon.
The fire dragon is heavily wounded.
The fire dragon bites you but does no damage.
The fire dragon closely misses you. The fire dragon misses you.
You hit the fire dragon. You tail-slap the fire dragon!
The fire dragon is severely wounded.
The fire dragon breathes flames at you. The blast of flame hits you!!!
* * * LOW HITPOINT WARNING * * *
You closely miss the fire dragon.
The fire dragon is severely wounded.
The fire dragon misses you. The fire dragon claws you.
You die...

#+## ###
###+#######..##....
#.......#..<.......
###.#.....+........^#
#.....§§..#.....(....
#....≈§≈..#..####...#
#..≈§≈≈.≈....# ##.
#.≈≈≈D@≈§..........
#..≈.>.≈≈..........
#.≈≈..≈≈≈.#####....
...≈≈≈≈≈≈..# ###+
....≈.≈≈.....
..............
.....#...#.....
.....#.########


You could see a fire dragon (catching breath).

Vanquished Creatures
  Sigmund (D:6)
  A wyvern (D:7)
  Eustachio (D:4)
  A steam dragon (D:7)
  Edmund (D:6)
  2 ice beasts
  A sky beast (D:6)
  A necrophage (D:6)
  An orc warrior (D:7)
  An ogre (D:6)
  2 lemures (D:6)
  A kobold brigand (D:6)
  Blork the orc (D:4)
  2 bullfrogs (D:7)
  2 scorpions (D:5)
  2 water moccasin zombies (D:6)
  A howler monkey (D:5)
  4 orc priests
  A centaur skeleton (D:7)
  A bullfrog skeleton (D:4)
  3 hounds
  Terence (D:3)
  3 iguanas
  5 orc wizards
  2 hound skeletons
  A howler monkey zombie (D:7)
  8 adders
  A white imp (D:7)
  2 ufetubi
  A worm (D:3)
  2 dart slugs
  19 orcs
  6 endoplasms
  A giant cockroach (D:1)
  7 hobgoblins
  8 jackals
  7 kobolds
  A quokka (D:4)
  7 ball pythons
  7 bats
  2 frilled lizards
  10 goblins
  6 rats
138 creatures vanquished.

Notes
Turn   | Place    | Note
-------+----------+-------------------------------------------
     0 | D:1      | robertstho the Draconian Berserker began the quest for the
                  | Orb.
     0 | D:1      | Reached XP level 1. HP: 19/19 MP: 1/1
   244 | D:1      | Reached XP level 2. HP: 24/26 MP: 2/2
   775 | D:1      | Found a faded altar of an unknown god.
  1025 | D:2      | Reached XP level 3. HP: 26/33 MP: 3/3
  1638 | D:2      | Reached skill level 1 in Stealth
  1870 | D:3      | Reached XP level 4. HP: 24/40 MP: 4/4
  1879 | D:3      | Reached XP level 5. HP: 16/47 MP: 3/5
  2148 | D:3      | Reached ** piety under Trog
  2258 | D:3      | Found a stormy altar of Qazlal.
  2262 | D:3      | Noticed Terence
  2270 | D:3      | Killed Terence
  2966 | D:3      | Found a sparkling altar of Nemelex Xobeh.
  3139 | D:4      | Noticed Eustachio
  3166 | D:4      | Killed Eustachio
  3167 | D:4      | Reached skill level 5 in Fighting
  3167 | D:4      | Reached XP level 6. HP: 50/56 MP: 6/6
  3836 | D:4      | Noticed Blork the orc
  3849 | D:4      | Killed Blork the orc
  3850 | D:4      | Reached skill level 5 in Long Blades
  3850 | D:4      | Your scales start taking on an icy white colour.
  3850 | D:4      | Reached XP level 7. HP: 61/61 MP: 7/7
  3850 | D:4      | Gained mutation: Your flesh is cold resistant. (rC+) [White
                  | Draconian growth]
  4007 | D:5      | Entered Level 5 of the Dungeon
  4117 | D:5      | Reached *** piety under Trog
  4958 | D:5      | Reached skill level 5 in Dodging
  5759 | D:6      | Reached XP level 8. HP: 63/70 MP: 8/8
  6155 | D:6      | Found Zumovir's Antique Armour Shoppe.
  6242 | D:6      | Bought a pair of boots for 139 gold pieces
  6257 | D:6      | Noticed Edmund
  6266 | D:6      | Killed Edmund
  6427 | D:6      | Noticed Sigmund
  6438 | D:6      | Killed Sigmund
  6901 | D:7      | Found a staircase to the Ecumenical Temple.
  7127 | D:7      | Reached XP level 9. HP: 48/79 MP: 9/9
  8006 | D:7      | Identified a scroll of acquirement
  8007 | D:7      | Acquired a +1 vorpal triple sword
  8046 | D:8      | Found a staircase to the Lair.
  8047 | D:8      | Noticed a fire dragon
  8056 | D:8      | HP: 4/118 [fire dragon/blast of flame (45)]
  8057 | D:8      | Slain by a fire dragon

Illustrated notes

Levels and vault maps discovered:
D:1:      mainiacjoe_arrival_reflecting_pool, layout_basic,
          hellmonk_ecumenical_altar_blasted, serial_forest,
          infiniplex_forest_clump_double, infiniplex_forest_corner_2,
          infiniplex_forest_end_1, infiniplex_forest_straight_4,
          infiniplex_forest_lined_4_way, infiniplex_forest_clump_large,
          infiniplex_forest_lined_3_way, minmay_pentomino_v2
D:2:      layout_basic
D:3:      layout_loops_ring, lemuel_crystal_altar,
          nicolae_qazlal_scattered_showers, uniq_terence
D:4:      cheibrodos_quashed, layout_rooms, uniq_blork_the_orc, uniq_eustachio
D:5:      layout_basic
D:6:      layout_rooms, serial_shops, nicolae_shop_behind_doors,
          minmay_crystal_room, uniq_edmund, uniq_sigmund, uniq_pikel
D:7:      layout_loops_corners, nicolae_overflow_hidden_temple,
          minmay_temple_entry_statues_fountains
D:8:      layout_gridville, minmay_lair_entry_lava, ebering_ghost_inner_flame,
          uniq_gastronok

Skill      XL: |  1  2  3  4  5  6  7  8 |
---------------+-------------------------+-----
Dodging        | 3 4 5 6 |  6.7
Fighting       | 4 5 6 7 |  7.5
Stealth        | 1 2 3 4 |  4.8
Long Blades    | 4 5 7 |  7.6

Action                   |  1- 3 |  4- 6 |  7- 9 || total
-------------------------+-------+-------+-------++-------
Melee: Falchion          |    95 |   117 |   119 ||   331
       Tailslap          |    16 |    15 |    37 ||    68
       Long sword        |       |       |   117 ||   117
       Triple sword      |       |       |     5 ||     5
Invok: Berserk           |     3 |     5 |    10 ||    18
  Use: Scroll            |       |       |     6 ||     6
 Stab: Sleeping          |     1 |     4 |     6 ||    11
Armor: Skin              |    30 |    34 |    54 ||   118
Dodge: Dodged            |    75 |    85 |   182 ||   342
       Rpst.: Falchion   |    33 |    23 |    22 ||    78
       Long sword        |       |       |    30 ||    30

Table legend: (Time is in decaauts)
 A = Elapsed time spent in this place.
 B = Non-inter-level travel time spent in this place.
 C = Inter-level travel time spent in this place.
 D = Time resting spent in this place.
 E = Time spent auto-exploring this place.
 F = Levels seen in this place.
 G = Mean time per level.
                   A        B        C        D        E       F      G
               +--------+--------+--------+--------+--------+-----+--------+
         Total |   8249 |   8060 |    189 |   1200 |   5779 |   8 | 1031.1 |
       Dungeon |   8249 |   8060 |    189 |   1200 |   5779 |   8 | 1031.1 |
               +--------+--------+--------+--------+--------+-----+--------+

Top non-repeatable levels by time:
     D:5: 1641 daAuts
     D:7: 1388 daAuts
     D:3: 1275 daAuts
     D:4: 1087 daAuts
     D:1: 1044 daAuts
     D:6: 957 daAuts
     D:2: 837 daAuts
     D:8: 16 daAuts
